 Dungeon Crawl Stone Soup version 0.23-a0-143-g1adec7bb76 (webtiles) character file.

71 Drachen the Firebug (level 4, 0/33 HPs)
             Began as a Centaur Fire Elementalist on Aug 31, 2018.
             Succumbed to an adder's poison
             ... on level 2 of the Dungeon.
             The game lasted 00:09:00 (1736 turns).

Drachen the Firebug (Centaur Fire Elementalist)     Turns: 1736, Time: 00:09:01

Health: 0/33       AC:  4    Str: 10    XL:     4   Next: 5%
Magic:  6/6        EV:  9    Int: 15    God:
Gold:   65         SH:  0    Dex: 10    Spells: 5/6 levels left

rFire    + . .     SeeInvis +   e - +0 spear
rCold    x . .     Gourm    .   (no shield)
rNeg     . . .     Faith    .   a - +0 robe
rPois    .         Spirit   .   (no helmet)
rElec    .         Reflect  .   (no cloak)
rCorr    .         Harm     .   (no gloves)
MR       .....                  (no barding)
Stlth    +.........             (no amulet)
HPRegen  0.11/turn              i - ring of fire
MPRegen  0.10/turn              f - ring of see invisible

@: lethally poisoned (0 -> -2), very quick
A: large, hooves 3, deformed body, speed 2, tough skin 3
a: no special abilities


You were on level 2 of the Dungeon.
You were not hungry.

You visited 1 branch of the dungeon, and saw 2 of its levels.

You collected 65 gold pieces.

Inventory:

Hand Weapons
 d - a +0 whip
 e - a +0 spear (weapon)
Armour
 a - a +0 robe (worn)
 k - a +0 ring mail
Jewellery
 b - an uncursed ring of flight
 f - a ring of see invisible (right hand)
 i - a ring of fire (left hand)
Comestibles
 c - 6 rations
 h - a chunk of flesh


   Skills:
 - Level 1.3 Dodging
 - Level 1.1 Stealth
 + Level 1.7 Spellcasting
 - Level 0.8 Conjurations
 + Level 4.4 Fire Magic


You had 5 spell levels left.
You knew the following spells:

 Your Spells              Type           Power        Failure   Level  Hunger
a - Flame Tongue          Conj/Fire      ##...        8%          1    ##.....

Your spell library contained the following spells:

 Spells                   Type           Power        Failure   Level  Hunger
 Throw Flame              Conj/Fire      ##....       12%         2    ###....
 Conjure Flame            Conj/Fire      ##......     24%         3    ####...
 Inner Flame              Hex/Fire       ##......     28%         3    ####...
 Sticky Flame             Conj/Fire      ##......     61%         4    #####..
 Fireball                 Conj/Fire      ##........   91%         5    ######.


Dungeon Overview and Level Annotations

Branches:
Dungeon (2/15)

Altars:


Innate Abilities, Weirdness & Mutations

You have hooves in place of feet.
Armour fits poorly on your strangely shaped body.
You cover ground very quickly.
You have extremely tough skin. (AC +3)


Message History

* * * LOW HITPOINT WARNING * * *
You feel sick.
* * * LOW HITPOINT WARNING * * *
You feel sick.
Things that are here:
a leather armour; 16 stones
Found 2 gold pieces.
* * * LOW HITPOINT WARNING * * *
You feel sick.
As you read the scroll labeled JUD FUHIWA, it crumbles to dust.
You feel aware of your surroundings.
It was a scroll of magic mapping.
As you read the scroll labeled JEPNUGI BIATU, it crumbles to dust.
It is a scroll of identify.
You don't have any unidentified items.
There is a lethal amount of poison in your body!
* * * LOW HITPOINT WARNING * * *
You feel sick.
You aren't carrying any potions.
You see here 2 gold pieces.
You die...

### #########.# #......$..#
#.#######.#### #.#.......@..#
#.#.#####.##.# ##***
#[#,,,,,#.#*,# #..,* #*
#.#****,#.#*,* #.#,* .### #.#
*,#.##,* #.#,* ,..# #.#
*,#.##.#####.#,****** .#.# #.#
*,#.##.......#,,,,,,,
.#.####.#####.#.,........########
...............,,.........†......


There were no monsters in sight!

Vanquished Creatures
  2 adders (D:2)
  An ooze (D:2)
  2 worms (D:2)
  A dart slug (D:1)
  4 giant cockroaches
  7 goblins
  2 hobgoblins (D:1)
  3 jackals (D:2)
  7 kobolds
  3 bats (D:1)
  3 frilled lizards (D:1)
  4 rats (D:1)
39 creatures vanquished.

Notes
Turn   | Place    | Note
-------+----------+-------------------------------------------
     0 | D:1      | Drachen the Centaur Fire Elementalist began the quest for
                  | the Orb.
     0 | D:1      | Reached XP level 1. HP: 14/14 MP: 3/3
   229 | D:1      | Reached skill level 3 in Fire Magic
   245 | D:1      | Reached XP level 2. HP: 14/20 MP: 2/4
   945 | D:1      | Reached XP level 3. HP: 23/26 MP: 5/5
  1203 | D:2      | Reached skill level 4 in Fire Magic
  1698 | D:2      | Reached XP level 4. HP: 9/33 MP: 4/6
  1726 | D:2      | HP: 1/33 [poisoned by an adder]
  1731 | D:2      | HP: 1/33 [poisoned by an adder]
  1736 | D:2      | Succumbed to an adder's poison

Vault maps used:
D:1:      minmay_arrival_widening_spiral_wide
D:2:      first_ration

Skill      XL: |  1  2  3 |
---------------+----------+-----
Fire Magic     | 3 4 |  4.4
Dodging        | |  1.3
Stealth        | |  1.1
Spellcasting   | |  1.7
Conjurations   | |  0.8

Action                   |  1- 3 |  4- 6 || total
-------------------------+-------+-------++-------
Melee: Whip              |    62 |       ||    62
       Kick              |    15 |       ||    15
       Unarmed           |     1 |       ||     1
       Spear             |    65 |       ||    65
 Cast: Flame Tongue      |    44 |     1 ||    45
  Use: Scroll            |       |     2 ||     2
  Eat: Chunk             |     3 |       ||     3
Armor: Robe              |    34 |       ||    34
Dodge: Dodged            |    56 |       ||    56

Table legend:
 A = Non-vault XP
 B = Vault XP
 C = Vault XP percentage of total XP
 D = Non-vault monster count
 E = Vault monster count
 F = Vault count percentage of total count
                 A         B        C        D         E       F
            +---------+---------+-------+---------+---------+-------
      Total |     102 |       0 |   0.0 |      39 |       0 |   0.0
            +---------+---------+-------+---------+---------+-------
        D:1 |      43 |       0 |   0.0 |      26 |       0 |   0.0
        D:2 |      59 |       0 |   0.0 |      13 |       0 |   0.0
            +---------+---------+-------+---------+---------+-------
